 Dungeon Crawl Stone Soup version 0.22-a0-271-gc000056 (webtiles) character file.

2244 RoseArtemis the Cleaver (level 9, -7/81 HPs)
             Began as a Minotaur Fighter on Mar 10, 2018.
             Was an Initiate of Okawaru.
             Mangled by an orc warrior
             ... wielding a +0 short sword
              (11 damage)
             ... on level 8 of the Dungeon.
             The game lasted 00:12:15 (6196 turns).

RoseArtemis the Cleaver (Minotaur Fighter)          Turns: 6196, Time: 00:12:15

Health: -7/81      AC:  9    Str: 21    XL:     9   Next: 14%
Magic:  8/8        EV:  7    Int:  5    God:    Okawaru [......]
Gold:   411        SH:  9    Dex: 13    Spells: 8/8 levels left

rFire    . . .     SeeInvis .   a - +0 war axe
rCold    + . .     Gourm    .   c - +0 shield
rNeg     . . .     Faith    .   r - +0 scale mail
rPois    .         Spirit   .   x - +1 hat
rElec    .         Reflect  .   (no cloak)
rCorr    .         Harm     .   (no gloves)
MR       .....                  (no boots)
Stlth    ..........             (no amulet)
HPRegen  0.23/turn              t - ring of protection from cold
MPRegen  0.11/turn              (no ring)

@: lethally poisoned (-7 -> -33), glowing
A: retaliatory headbutt, horns 2
a: Renounce Religion


You were on level 8 of the Dungeon.
You worshipped Okawaru.
Okawaru was noncommittal.
You were not hungry.

You visited 2 branches of the dungeon, and saw 9 of its levels.

You collected 411 gold pieces.

Inventory:

Hand Weapons
 a - a +0 war axe (weapon)
 b - the +3 hunting sling of Dung {speed, Str+3}
   (You found it on level 4 of the Dungeon)

   Attacks with this weapon are significantly faster.
   It affects your strength (+3).
Missiles
 u - 17 sling bullets
Armour
 c - a +0 shield (worn)
 r - a +0 scale mail (worn)
 x - a +1 hat (worn)
Jewellery
 d - a cursed ring of loudness {unknown}
 h - an uncursed amulet of harm {unknown}
 t - a ring of protection from cold (left hand)
Wands
 w - a wand of enslavement (12)
Scrolls
 j - a scroll of enchant armour {unknown}
 l - 2 scrolls of teleportation {unknown}
 n - 2 scrolls of amnesia {unknown}
 p - a scroll of fog {unknown}
 q - 2 scrolls of remove curse
 y - 3 scrolls of holy word {unknown}
 A - a scroll of enchant weapon {unknown}
 B - a scroll of vulnerability {unknown}
 C - a scroll of noise {unknown}
 D - a scroll of immolation {unknown}
Potions
 e - 4 potions of brilliance {unknown}
 g - a potion of mutation {unknown}
 i - a potion of degeneration {unknown}
 k - 3 potions of haste {unknown}
 m - a potion of agility {unknown}
 o - a potion of heal wounds {unknown}
 s - 2 potions of ambrosia {unknown}
 v - a potion of curing {unknown}
 z - a potion of lignification {unknown}
Comestibles
 f - 8 rations
 E - 2 chunks of flesh


   Skills:
 + Level 8.1 Fighting
 * Level 10.5 Axes
 + Level 8.1 Armour
 - Level 3.6 Shields


You had 8 spell levels left.
You didn't know any spells.

Dungeon Overview and Level Annotations

Branches:
Dungeon (8/15)             Temple (1/1) D:7
   Lair: D:8-11

Altars:
Ashenzari
Cheibriados
Dithmenos
Elyvilon
Fedhas
Gozag
Hepliaklqana
Kikubaaqudgha
Makhleb
Nemelex Xobeh
Okawaru
Qazlal
Ru
Sif Muna
Trog
Uskayaw
Vehumet
Wu Jian
Xom
Yredelemnul
Zin
The Shining One

Shops:
D:7 [

Annotations:
D:4 2 transporters
D:8 Tovarisch's ghost, novice NaEn


Innate Abilities, Weirdness & Mutations

You reflexively headbutt those who attack you in melee.
You have a pair of horns on your head.


Message History

The orc priest looks encouraged for a moment.
You block the orc warrior's attack. Tovarisch's ghost hits you.
You are more poisoned.
Items here: )) [ †† a flail; a club; a scale mail; an orc corpse x2
* * * LOW HITPOINT WARNING * * *
You feel very sick.
Tovarisch's ghost points at you and mumbles some strange words.
You are unaffected.
* * * LOW HITPOINT WARNING * * *
You feel very sick.
* * * LOW HITPOINT WARNING * * *
You feel sick.
* * * LOW HITPOINT WARNING * * *
You feel very sick.
The orc priest calls down the wrath of Beogh upon you.
Beogh smites you!
* * * LOW HITPOINT WARNING * * *
The orc warrior hits you with a short sword!
You die...

...
#.#....#####.#.#.#
#..##
#.#....#.......#.#
#..# .#
#..#.###.###.#
#..#
##............#
#...
.#....#.#######
##..
.###.#....#.....##
...
.....#...........#
###.##
#......#########
.....###@###..#
#..o.o...#..#
##.o#oW#.#..#
#.)...#....#
#.%.#.#.#.##
###.#.#.#.#
#.#.#....
#.#.###### #.#.#


You could see an orc warrior, 3 orc priests and Tovarisch's ghost.

Vanquished Creatures
  A hungry ghost (D:7)
  Edmund (D:5)
  The ghost of Tovarisch the Grave Robber, an amateur DsNe (D:3)
  A necrophage (D:6)
  3 ogres
  4 centaurs
  3 bullfrogs
  A wyvern skeleton (D:6)
  A howler monkey (D:6)
  3 crimson imps
  2 hounds
  A human zombie (D:4)
  A jelly (D:4)
  2 orc priests (D:6)
  2 bullfrog skeletons (D:5)
  4 orc wizards
  A centaur skeleton (D:4)
  2 iguanas
  Natasha (thrice) (D:3)
  3 worker ants
  A hound zombie (D:5)
  A hound skeleton (D:5)
  A howler monkey skeleton (D:6)
  6 adders
  2 shadow imps (D:6)
  An ooze (D:4)
  An adder zombie (D:6)
  A worm (D:5)
  3 dart slugs
  The ghost of ThereIsNoGod the Stinger, a weakling SpVM (D:4)
  8 leopard geckos
  24 orcs
  9 bats
  4 giant cockroaches
  5 hobgoblins
  8 jackals
  2 quokkas
  A ball python (D:7)
  3 frilled lizards
  10 goblins
  A goblin zombie (D:4)
  4 kobolds
  A quokka skeleton (D:5)
  10 rats
148 creatures vanquished.

Notes
Turn   | Place    | Note
-------+----------+-------------------------------------------
     0 | D:1      | RoseArtemis the Minotaur Fighter began the quest for the Orb.
     0 | D:1      | Reached XP level 1. HP: 19/19 MP: 0/0
   161 | D:1      | Reached skill level 3 in Axes
   161 | D:1      | Reached XP level 2. HP: 22/27 MP: 1/1
   621 | D:1      | Reached XP level 3. HP: 33/33 MP: 2/2
  1201 | D:2      | Reached skill level 4 in Axes
  1366 | D:2      | Reached XP level 4. HP: 40/40 MP: 3/3
  1974 | D:3      | Noticed Natasha
  1978 | D:3      | Killed Natasha
  1980 | D:3      | Noticed Tovarisch's ghost (amateur DsNe)
  1991 | D:3      | Noticed Natasha
  1991 | D:3      | Killed Tovarisch's ghost
  1991 | D:3      | Reached skill level 5 in Fighting
  1991 | D:3      | Reached skill level 5 in Axes
  1991 | D:3      | Reached skill level 5 in Armour
  1991 | D:3      | Reached XP level 5. HP: 33/48 MP: 4/4
  2008 | D:3      | Killed Natasha
  2158 | D:3      | Noticed Natasha
  2166 | D:3      | Killed Natasha
  2166 | D:3      | Reached XP level 6. HP: 37/56 MP: 5/5
  2609 | D:4      | Noticed ThereIsNoGod's ghost (weakling SpVM)
  2618 | D:4      | Killed ThereIsNoGod's ghost
  2878 | D:4      | Got an ancient hunting sling
  2889 | D:4      | Reached skill level 6 in Axes
  2935 | D:4      | Found a sand-covered staircase.
  2974 | D:4      | Found a transporter.
  2976 | D:4      | Found a transporter.
  3184 | D:4      | Reached XP level 7. HP: 50/62 MP: 6/6
  3214 | D:4      | Reached skill level 7 in Axes
  3803 | D:5      | Entered Level 5 of the Dungeon
  3804 | D:5      | Identified the +3 hunting sling of Dung {speed, Str+3} (You found it on level 4 of the Dungeon)
  3828 | D:5      | Reached skill level 8 in Axes
  3933 | D:5      | Reached XP level 8. HP: 71/71 MP: 7/7
  4010 | D:5      | Found a blossoming altar of Fedhas.
  4011 | D:5      | Found a bloodstained altar of Trog.
  4012 | D:5      | Found a glowing golden altar of the Shining One.
  4025 | D:5      | Found a radiant altar of Vehumet.
  4444 | D:5      | Noticed Edmund
  4459 | D:5      | Killed Edmund
  4574 | D:5      | Reached skill level 9 in Axes
  4648 | D:5      | Found a snail-covered altar of Cheibriados.
  5147 | D:6      | Reached skill level 10 in Axes
  5509 | D:7      | Reached XP level 9. HP: 76/81 MP: 8/8
  5552 | D:7      | Found a burning altar of Makhleb.
  5552 | D:7      | Found a shattered altar of Ashenzari.
  5722 | D:7      | Found a staircase to the Ecumenical Temple.
  5727 | Temple   | Entered the Ecumenical Temple
  5820 | Temple   | Became a worshipper of Warmaster Okawaru
  5914 | D:7      | Found Zient's Armour Shop.
  6180 | D:8      | Noticed Tovarisch's ghost (novice NaEn)
  6196 | D:8      | HP: 4/81 [orc priest/divine providence (12)]
  6196 | D:8      | Mangled by an orc warrior

Vault maps used:
D:1:      dpeg_arrival_arbitrary_c, st_stairs_12, kennysheep_boxes
D:3:      first_ration, uniq_natasha
D:4:      gammafunk_steamed_eel, enter_ossuary_3
D:5:      nicolae_overflow_quartered_altars, chei_slow_surprise, uniq_edmund
D:7:      gammafunk_temple_overflow_statue, temple_statues, serial_shops, shop
D:8:      serial_shops, shop, nicolae_shop_overgrown_old_shop, shop,
          grunt_livestock
Temple:   lightli_temple_of_artemis

Skill      XL: |  1  2  3  4  5  6  7  8  9 |
---------------+----------------------------+-----
Axes           | 3 4 5 6 8 10 | 10.5
Fighting       | 4 5 6 7 8 |  8.1
Armour         | 4 5 6 7 8 |  8.1
Shields        | |  3.6

Action                   |  1- 3 |  4- 6 |  7- 9 || total
-------------------------+-------+-------+-------++-------
Melee: War axe           |   112 |   113 |    85 ||   310
       Headbutt          |    11 |    19 |    17 ||    47
 Fire: Hunting sling     |       |       |   191 ||   191
  Use: Potion            |       |     1 |     1 ||     2
       Scroll            |       |       |     3 ||     3
  Eat: Chunk             |     2 |     6 |    10 ||    18
       Ration            |       |       |     1 ||     1
Armor: Scale mail        |    60 |    37 |    54 ||   151
Dodge: Dodged            |    42 |    35 |    24 ||   101
Block: Shield            |    64 |    47 |    50 ||   161

Table legend:
 A = Spawn XP
 B = Non-spawn XP
 C = Spawn XP percentage of total XP
 D = Spawn monster count
 E = Non-spawn monster count
 F = Spawn count percentage of total count
 G = Total turns spent on level
                    A         B        C        D         E        F      G
               +---------+---------+-------+---------+---------+-------+---------
         Total |       0 |    3206 |   0.0 |       0 |     148 |   0.0 |  6196
               +---------+---------+-------+---------+---------+-------+---------
           D:1 |       0 |      49 |   0.0 |       0 |      28 |   0.0 |   918
           D:2 |       0 |      68 |   0.0 |       0 |      23 |   0.0 |   911
           D:3 |       0 |     286 |   0.0 |       0 |      11 |   0.0 |   758
           D:4 |       0 |     784 |   0.0 |       0 |      31 |   0.0 |  1218
           D:5 |       0 |     873 |   0.0 |       0 |      22 |   0.0 |  1079
           D:6 |       0 |     723 |   0.0 |       0 |      22 |   0.0 |   545
           D:7 |       0 |     374 |   0.0 |       0 |       8 |   0.0 |   581
           D:8 |       0 |      49 |   0.0 |       0 |       3 |   0.0 |    75
               +---------+---------+-------+---------+---------+-------+---------
